 Dungeon Sprint DCSS version 0.22-a0-32-ga749362 (webtiles) character file.

51 Faca the Skirmisher (level 3, -7/37 HPs)
             Began as a Minotaur Fighter on Jan 3, 2018.
             Drowned by a water elemental (8 damage)
             ... in the Dungeon (Sprint III: "The Ten Rune Challenge").
             The game lasted 00:01:03 (117 turns).

Faca the Skirmisher (Minotaur Fighter)               Turns: 117, Time: 00:01:03

Health: -7/37      AC:  8    Str: 20    XL:     3   Next: 57%
Magic:  2/2        EV:  7    Int:  5    God:
Gold:   20         SH: 10    Dex: 10    Spells: 2/2 levels left

rFire    . . .     SeeInvis .   a - +0 long sword
rCold    . . .     Gourm    .   c - +0 shield
rNeg     . . .     Faith    .   b - +0 scale mail
rPois    .         Spirit   .   (helmet restricted)
rElec    .         Reflect  .   l - +0 cloak (curse)
rCorr    .         Harm     .   (no gloves)
MR       .....     NoTele   +   (no boots)
Stlth    ..........             (no amulet)
HPRegen  0.12/turn              (no ring)
MPRegen  0.08/turn              (no ring)

@: engulfed (cannot breathe)
A: retaliatory headbutt, horns 2
a: no special abilities


You were in the Dungeon.
You were not hungry.

You visited 1 branch You collected 20 gold pieces.

Inventory:

Hand Weapons
 a - a +0 long sword (weapon)
Armour
 b - a +0 scale mail (worn)
 c - a +0 shield (worn)
 l - a cursed +0 cloak (worn)
Scrolls
 k - a scroll of blinking
 n - 2 scrolls of immolation
 p - 2 scrolls of remove curse
Potions
 d - a potion of might
 e - 2 potions of curing
 g - a potion of heal wounds
 h - a potion of haste
 i - 2 potions of magic
 j - a potion of berserk rage
 m - 5 potions of mutation
 q - a potion of agility
Comestibles
 f - 4 rations


   Skills:
 + Level 5.8 Fighting
 + Level 4.2 Long Blades
 + Level 5.6 Armour
 + Level 5.8 Shields


You had 2 spell levels left.
You didn't know any spells.

Dungeon Overview and Level Annotations

Branches:
Dungeon (1/1)

Altars:


Innate Abilities, Weirdness & Mutations

You reflexively headbutt those who attack you in melee.
You have a pair of horns on your head.


Message History

You open the door.
Your shield and scale mail prevent you from hitting the water elemental.
You block the water elemental's attack.
You hit the water elemental.
The water elemental is lightly damaged.
You block the water elemental's attack. The water elemental hits you.
The water elemental engulfs you in water!
Your shield prevents you from hitting the water elemental.
The water elemental is lightly damaged.
Your lungs strain for air!
You block the water elemental's attack.
You hit the water elemental.
You headbutt the water elemental, but do no damage.
The water elemental is moderately damaged.
Your lungs strain for air!
The water elemental hits you!!
* * * LOW HITPOINT WARNING * * *
You hit the water elemental but do no damage.
The water elemental is lightly damaged.
You die...

▓▓▓▓▓▓▓▓ ▓▓▓ <..#...####
##.# ...#......#####..#
..##.......#..#..#
##.##.##...#..#..###+#+#
##.##.###..##'#..#......
#.####.##..###...E.⌠....
.###..##.†####..@#E..###
#.....##..###....#.⌠.#
###..##...##.....# ..#
##..##....#).....# ###
#..###..##.#.....# #..#
#.. ####....# ▓▓▓▓ ▓▓▓
▓▓▓▓▓▓


You could see a water elemental.

Vanquished Creatures
  Crazy Yiuf (D)
  A human (D)
  An ooze (D)
  3 rats (D)
6 creatures vanquished.

Vanquished Creatures (others)
  A hellion (D)
  A yaktaur (D)
  2 plants (D)
4 creatures vanquished.

Grand Total: 10 creatures vanquished

Notes
Turn   | Place    | Note
-------+----------+-------------------------------------------
     0 | D        | Faca the Minotaur Fighter began the quest for the Orb.
     0 | D        | Reached XP level 1. HP: 19/19 MP: 0/0
    55 | D        | Killed a yaktaur
    61 | D        | Reached skill level 5 in Fighting
    61 | D        | Reached skill level 5 in Armour
    61 | D        | Reached skill level 5 in Shields
    61 | D        | Reached XP level 2. HP: 27/29 MP: 1/1
    62 | D        | Noticed Crazy Yiuf
    66 | D        | Killed Crazy Yiuf
    66 | D        | Reached XP level 3. HP: 35/37 MP: 2/2
    67 | D        | Killed a hellion
    90 | D        | Noticed a water elemental
   116 | D        | HP: 1/37 [water elemental (18)]
   117 | D        | Drowned by a water elemental

Vault maps used:
D:        dungeon_sprint_mu

Skill      XL: |  1  2 |
---------------+-------+-----
Fighting       | 5 |  5.8
Armour         | 5 |  5.6
Shields        | 5 |  5.8
Long Blades    | 3 4 |  4.2

Action                   || total
-------------------------++-------
Melee: Long sword        ||    27
       Headbutt          ||     5
  Use: Scroll            ||     3
Armor: Scale mail        ||     5
Dodge: Dodged            ||     5
Block: Shield            ||    16
       Rpst.: Long sword ||     3

Table legend:
 A = Spawn XP
 B = Non-spawn XP
 C = Spawn XP percentage of total XP
 D = Spawn monster count
 E = Non-spawn monster count
 F = Spawn count percentage of total count
 G = Total turns spent on level
                    A         B        C        D         E        F      G
               +---------+---------+-------+---------+---------+-------+---------
         Total |       0 |      73 |   0.0 |       0 |       6 |   0.0 |   117
               +---------+---------+-------+---------+---------+-------+---------
             D |       0 |      73 |   0.0 |       0 |       6 |   0.0 |   117
               +---------+---------+-------+---------+---------+-------+---------
